 Dungeon Crawl Stone Soup version 0.20.0-8-g6b59dc7 (webtiles) character file.

341815 Lavandula the Tortoise (level 21, -3/204 HPs)
             Began as a Deep Dwarf Venom Mage on May 31, 2017.
             Was the Champion of Makhleb.
             Killed from afar by an ancient lich (95 damage)
             ... with a crystal spear
             ... on level 4 of the Depths.
             The game lasted 04:39:36 (44120 turns).

Lavandula the Tortoise (Deep Dwarf Venom Mage)     Turns: 44120, Time: 04:39:37

Health: -3/204     AC: 43    Str: 17    XL:     21   Next: 67%
Magic:  20/20      EV:  9    Int: 20    God:    Makhleb [******]
Gold:   2108       SH:  0    Dex: 12    Spells: 22/37 levels left

rFire    + + .     SeeInvis .   T - +7 battleaxe (freeze)
rCold    + . .     Gourm    .   (shield currently unavailable)
rNeg     + + .     Faith    .   z - +3 gold dragon scales
rPois    +         Spirit   .   (helmet restricted)
rElec    .         Reflect  .   w - +2 cloak {rPois}
rCorr    .         Harm     .   d - +2 pair of gloves {archery}
MR       ++++.     Rnd*Rage +   g - +2 pair of boots
Stlth    ..........             b - amulet of magic regeneration
Regen    0.0/turn               y - ring of positive energy
MPRegen  0.3/turn               E - ring of protection from fire

@: non-regenerating
A: damage resistance, heal wounds, antennae 1, hooves 2, molten scales 1, slimy
green scales 2, berserk 1, clever 1, clumsy 1, deterioration 1, low mp 1, magic
resistance 1, mutation resistance 1, negative energy resistance 1, sense
surroundings 3, screaming 1, weak 1, no regeneration
a: Heal Wounds, Minor Destruction, Lesser Servant of Makhleb, Major Destruction,
Greater Servant of Makhleb, Renounce Religion


You were on level 4 of the Depths.
You worshipped Makhleb.
Makhleb was exalted by your worship.
You were hungry.

You visited 3 branches of the dungeon, and saw 20 of its levels.
You visited the Abyss 30 times.

You collected 3740 gold pieces.
You spent 1632 gold pieces at shops.

Inventory:

Hand Weapons
 N - a +5 hand crossbow of flaming
 T - a +7 battleaxe of freezing (weapon)
Missiles
 O - 680 bolts
 R - a javelin of penetration (quivered)
Armour
 d - a +2 pair of gloves of archery (worn)
 g - a +2 pair of boots (worn)
 w - a +2 cloak of poison resistance (worn)
 z - +3 gold dragon scales (worn)
 B - a +2 helmet
Jewellery
 b - an amulet of magic regeneration (around neck)
 y - a ring of positive energy (left hand)
 D - an uncursed ring of protection from cold
 E - a ring of protection from fire (right hand)
 I - an uncursed ring of fire
 K - an uncursed ring of protection from magic
 W - an uncursed ring of resist corrosion
Wands
 h - a wand of scattershot (5/9)
 t - a wand of acid (5/15)
 u - a wand of lightning (9/15)
 v - a wand of iceblast (4/15)
 C - a wand of confusion (23/48)
 H - a wand of paralysis (2/24)
 S - a wand of polymorph (12/24)
 U - a wand of digging (10/24)
Scrolls
 i - 4 scrolls of fear
 j - 4 scrolls of remove curse
 o - 3 scrolls of fog
 p - 2 scrolls of blinking
 s - 5 scrolls of teleportation
 A - 2 scrolls of immolation
 L - 4 scrolls of magic mapping
 P - 2 scrolls of identify
 Y - 2 scrolls of holy word
Potions
 a - 3 potions of lignification
 c - 4 potions of haste
 e - 4 potions of might
 f - 3 potions of resistance
 m - 7 potions of curing
 n - 5 potions of brilliance
 q - 2 potions of cancellation
 M - a potion of heal wounds
 Q - a potion of agility
 V - a potion of berserk rage
 X - 3 potions of magic
Miscellaneous
 r - a fan of gales
 F - a lightning rod (3/4)
 G - 2 sacks of spiders
Comestibles
 k - 10 bread rations
 l - a royal jelly
 x - 44 fruits
 J - 2 meat rations
 Z - 5 chunks of flesh


   Skills:
 + Level 15.7 Fighting
 - Level 20.0 Axes
 - Level 10.3 Crossbows
 - Level 1.8 Throwing
 - Level 20.6 Armour
 - Level 15.0 Dodging
 - Level 2.4 Stealth
 - Level 8.6 Spellcasting
 - Level 1.0 Conjurations
 - Level 9.5 Translocations
 - Level 5.4 Poison Magic
 - Level 4.6 Invocations
 - Level 10.4 Evocations


You had 22 spell levels left.
You knew the following spells:

 Your Spells              Type           Power        Failure   Level  Hunger
a - Sting                 Conj/Pois      ###.         65%         1    None
c - Blink                 Tloc           N/A          10%         2    None
d - Mephitic Cloud        Conj/Pois/Air  ###.....     99%         3    None
e - Conjure Flame         Conj/Fire      ##......     100%        3    None
f - Olgreb's Toxic Radia  Pois           ####....     98%         4    ###....
g - Swiftness             Chrm/Air       #.......     99%         2    None


Dungeon Overview and Level Annotations

Branches:
Dungeon (15/15)            Temple (1/1) D:5            Lair (0/6) D:10
    Orc (0/2) D:11         Vaults (0/5) D:13         Depths (4/5) D:15

Altars:
Ashenzari
Cheibriados
Dithmenos
Elyvilon
Fedhas
Gozag
Hepliaklqana
Kikubaaqudgha
Makhleb
Nemelex Xobeh
Okawaru
Qazlal
Ru
Sif Muna
Trog
Uskayaw
Vehumet
Xom
Yredelemnul
Zin
The Shining One
Beogh

Shops:
D:7 *   D:10 [   D:11 [   D:13 [

Portals:
Hell: Depths:1 Depths:2 Depths:3 Depths:4
Abyss: Depths:1
Pandemonium: Depths:1 Depths:3
Ziggurat: Depths:1

Annotations:
D:3 exclusion: 2 downstairs
D:8 Gastronok
D:10 exclusion: 2 downstairs
D:11 exclusion: downstairs
D:13 exclusion: downstairs
D:15 lorocypoca!, exclusion: 2 doors


Innate Abilities, Weirdness & Mutations

You are resistant to damage.
You can heal yourself by infusing magical energy.
You resist negative energy. (rN+)
You passively map a large area around you.
You do not regenerate.
You have a pair of small antennae on your head.
You have hoof-like feet.
You are partially covered in molten scales. (AC +2)
You are mostly covered in slimy green scales. (AC +3)
You tend to lose your temper in combat.
Your mind is acute. (Int +2)
You are clumsy. (Dex -2)
Your body sometimes deteriorates upon taking damage.
Your magical capacity is low. (-10% MP)
You are resistant to hostile enchantments. (MR+)
You are somewhat resistant to further mutation.
You occasionally shout uncontrollably at your foes.
You are weak. (Str -2)


Message History

The ancient lich touches you but does no damage.
You slash the ancient lich!
The ancient lich is almost destroyed.
You hit the small abomination. You freeze the small abomination.
The ancient lich touches you but does no damage.
The small abomination barely misses you.
Your gold dragon scales prevents you from hitting the ancient lich.
The ancient lich is almost destroyed.
You hit the small abomination. You freeze the small abomination.
The ancient lich gestures at you while chanting.
You resist with almost no effort.
The deep elf high priest calls down the wrath of its god upon you.
Something smites you!
The small abomination barely misses you.
You barely miss the ancient lich.
The ancient lich is almost destroyed.
You hit the small abomination but do no damage.
The ancient lich casts a spell at you. The crystal spear hits you!
You die...

.#, ,, , {##.#.....# ,
..# ,,, ,, *
##...#...## ,, ,..L# **
##........# * , ..... ,
,,{##.........# *
,.....# *,
##.#.......##
,,,......#,
##...#....### * ,
#......##*##.#......##
**#......e###..#......#
###....†{#@........##
#....DeL.x....####
###############


You could see an ancient lich (dazed), a storm dragon, a deep elf high priest
and a small abomination.

Vanquished Creatures
  A juggernaut (Depths:1)
  A golden dragon (Depths:4)
  A profane servitor (Abyss:1)
  9 bone dragons (Abyss:1)
  7 liches
  2 tentacled monstrosities (Abyss:1)
  5 Executioners (Abyss:1)
  A sphinx (Depths:3)
  A tengu reaver (Depths:4)
  A kraken (Abyss:1)
  23 tentacled starspawn
  2 revenants (Abyss:1)
  An iron dragon (Depths:3)
  A frost giant (Depths:1)
  6 fire giants
  A deep elf sorcerer (Abyss:1)
  2 cacodemons (Abyss:1)
  A reaper (Abyss:1)
  2 balrugs
  2 juggernaut zombies
  An ophan (Abyss:1)
  19 very ugly things
  5 stone giants
  14 spark wasps
  2 lorocyprocas
  A deep elf annihilator (Depths:1)
  An eidolon (Abyss:1)
  2 green deaths (Abyss:1)
  3 jiangshi (Depths:1)
  10 ettins
  10 fire dragons
  8 ice dragons
  7 rakshasas
  4 great orbs of eyes
  5 ogre magi
  6 yaktaur captains
  3 vault guards (D:13)
  A spriggan air mage (Depths:3)
  A quicksilver dragon skeleton (Abyss:1)
  9 centaur warriors
  4 hydras
  A hell beast (Depths:2)
  A death knight (Abyss:1)
  An alligator (shapeshifter) (Depths:3)
  A deep troll shaman (Depths:1)
  A deep troll earth mage (Depths:1)
  4 hell hogs (Abyss:1)
  4 spriggan berserkers
  7 tengu warriors
  6 vampire magi
  A titan zombie (Abyss:1)
  22 two-headed ogres
  25 thrashing horrors
  2 soul eaters
  A hell knight (Abyss:1)
  24 wretched stars
  4 skeletal warriors
  12 sixfirhies (Abyss:1)
  4 shadow wraiths (Abyss:1)
  3 sun demons (Abyss:1)
  5 spatial maelstroms (Abyss:1)
  Nergalle (D:12)
  A sea snake (shapeshifter) (Depths:1)
  A storm dragon skeleton (Abyss:1)
  3 deep trolls (Depths:1)
  5 unseen horrors
  2 ghost moth zombies (Abyss:1)
  2 quicksilver dragon simulacra
  2 flayed ghosts (Abyss:1)
  A torturous demonspawn (Depths:1)
  An orc knight (D:14)
  A wizard (Abyss:1)
  12 glowing orange brains
  An anaconda skeleton (Abyss:1)
  Pikel (D:8)
  A tengu skeleton (Depths:2)
  A sphinx zombie (Depths:2)
  86 large abominations
  An orb spider (Abyss:1)
  An orb spider (shapeshifter) (Depths:1)
  9 necromancers
  A stone giant zombie (Abyss:1)
  3 deep elf magi
  17 ugly things
  2 frost giant zombies (D:15)
  4 manticores
  4 cyclopes
  12 worldbinders
  A manticore (shapeshifter) (Depths:1)
  2 frost giant skeletons
  3 stone giant skeletons
  A guardian serpent (shapeshifter) (Abyss:1)
  A fire giant skeleton (Depths:2)
  2 centaur zombies (D:13)
  3 guardian serpents (Abyss:1)
  2 rust devils
  A black mamba (shapeshifter) (Abyss:1)
  11 apocalypse crabs (Abyss:1)
  An eye of devastation (Abyss:1)
  A dire elephant zombie (Abyss:1)
  3 molten gargoyles (Depths:2)
  14 smoke demons (Abyss:1)
  A spriggan skeleton (Depths:2)
  7 orange demons (Abyss:1)
  4 kobold demonologists
  A komodo dragon (D:14)
  5 centaur skeletons
  A dire elephant skeleton (Abyss:1)
  An elf skeleton (Depths:2)
  2 hellions (Abyss:1)
  22 yaktaurs
  8 efreet
  18 ancient zymes
  2 redback zombies
  2 demonic crawlers (Abyss:1)
  3 ice devils
  2 red devils
  A guardian mummy (D:15)
  A tengu conjurer (Depths:1)
  6 hellwings (Abyss:1)
  2 trolls
  A merfolk (shapeshifter) (Depths:3)
  3 meliai (D:13)
  A jumping spider (shapeshifter) (Abyss:1)
  2 meliai (shapeshifter)
  38 raiju (Abyss:1)
  A hippogriff (shapeshifter) (Depths:1)
  21 slime creatures
  A stone giant simulacrum (Abyss:1)
  3 hippogriffs
  9 blink frogs
  2 spriggan zombies
  An ettin zombie (Depths:3)
  9 flying skulls (Abyss:1)
  4 shadows
  9 wraiths
  89 starcursed masses
  An ettin skeleton (Abyss:1)
  8 redbacks (Depths:2)
  2 water elementals
  22 ynoxinuls
  16 humans (D:13)
  A wyvern (D:14)
  23 yaks
  An ice dragon skeleton (Depths:1)
  A basilisk (D:10)
  A golden eye (shapeshifter) (Abyss:1)
  8 neqoxecs
  Grum (D:9)
  3 fire elementals (Depths:2)
  11 chaos spawn
  7 hungry ghosts
  13 spatial vortices (Abyss:1)
  2 soldier ants (D:13)
  18 insubstantial wisps (Abyss:1)
  3 porcupines (D:10)
  5 hell hounds (Abyss:1)
  3 water moccasins
  A slave (D:8)
  9 sky beasts
  17 orc warriors
  A phantom (D:12)
  2 necrophages
  4 black bears
  An eye of draining (shapeshifter) (Abyss:1)
  5 ice beasts
  2 swamp dragon zombies (Abyss:1)
  An ice dragon simulacrum (Depths:1)
  7 eyes of draining
  A fire dragon simulacrum (Abyss:1)
  3 wolves (D:9)
  9 ogres
  2 boggarts
  28 centaurs
  3 crocodiles
  A crocodile (shapeshifter) (Depths:4)
  3 big kobolds
  9 bullfrogs
  A spiny frog simulacrum (Abyss:1)
  3 scorpions
  18 wights
  5 killer bees (D:11)
  2 howler monkeys
  2 electric eels
  6 crimson imps
  3 jellies
  12 quasits (Abyss:1)
  Crazy Yiuf (D:3)
  19 orc priests
  4 hounds
  18 orc wizards
  6 iron imps (Abyss:1)
  4 bullfrog skeletons
  5 iguanas
  7 worker ants
  92 small abominations
  A hound skeleton (D:4)
  A hound zombie (D:7)
  A howler monkey zombie (D:11)
  A worker ant zombie (D:11)
  Robin (D:4)
  4 gnolls (D:6)
  10 adders
  2 howler monkey skeletons
  5 shadow imps
  14 white imps (Abyss:1)
  12 ufetubi
  An ooze (D:4)
  3 adder skeletons
  3 worms
  5 dart slugs
  9 leopard geckos
  70 orcs
  2 ball pythons
  9 giant cockroaches
  15 goblins
  14 hobgoblins
  14 jackals
  20 kobolds
  6 quokkas
  11 bats
  A frilled lizard (D:1)
  A jackal zombie (D:5)
  2 quokka skeletons
  A quokka zombie (D:6)
  6 rats
  2 lurking horrors (Abyss:1)
  22 starspawn tentacles
  3 tentacles (Abyss:1)
  A withered plant (D:15)
1560 creatures vanquished.

Vanquished Creatures (collateral kills)
  A very ugly thing (Depths:1)
  A starcursed mass (Abyss:1)
  A spark wasp (Depths:1)
  An ugly thing (Depths:1)
  A dire elephant skeleton (Abyss:1)
  An orange demon (Abyss:1)
  2 raiju (Abyss:1)
  7 neqoxecs (Abyss:1)
  A large abomination (Abyss:1)
  An eye of draining (Abyss:1)
  A small abomination (Abyss:1)
  2 iron imps (Abyss:1)
  A starspawn tentacle (Abyss:1)
21 creatures vanquished.

Vanquished Creatures (others)
  A cacodemon (Abyss:1)
  A fire dragon (Depths:2)
  A neqoxec (Abyss:1)
  A slave (D:8)
  3 fungi (D:10)
  A lurking horror (Abyss:1)
  4 plants
  59 starspawn tentacles
  12 tentacles (Abyss:1)
  A withered plant (D:15)
84 creatures vanquished.

Grand Total: 1665 creatures vanquished

Notes
Turn   | Place    | Note
-------+----------+-------------------------------------------
     0 | D:1      | Lavandula the Deep Dwarf Venom Mage began the quest for the Orb.
     0 | D:1      | Reached XP level 1. HP: 15/15 MP: 3/3
   307 | D:1      | Reached XP level 2. HP: 22/22 MP: 0/4
   884 | D:2      | Learned a level 2 spell: Poisonous Vapours
   905 | D:2      | Reached XP level 3. HP: 11/28 MP: 1/5
  1454 | D:2      | Gained mutation: You are covered in fur. (AC +1) [potion of mutation]
  1454 | D:2      | Gained mutation: You are partially covered in molten scales. (AC +2) [potion of mutation]
  1756 | D:2      | Reached XP level 4. HP: 9/36 MP: 1/6
  2085 | D:3      | Found a snail-covered altar of Cheibriados.
  2091 | D:3      | Found a sparkling altar of Nemelex Xobeh.
  2121 | D:4      | Noticed a hand axe
  2122 | D:4      | Found a hide-covered altar of Uskayaw.
  2122 | D:4      | Noticed a dagger
  2424 | D:4      | Noticed an ice beast
  2590 | D:4      | Noticed Robin
  2785 | D:3      | Found a runed door.
  2989 | D:3      | Noticed Crazy Yiuf
  3617 | D:2      | Reached XP level 5. HP: 42/42 MP: 2/7
  3930 | D:2      | Reached skill level 1 in Throwing
  4495 | D:4      | Reached skill level 1 in Fighting
  5200 | D:4      | Got an encrusted scale mail
  5214 | D:4      | Reached XP level 6. HP: 50/52 MP: 5/8
  5743 | D:4      | Killed Robin
  5987 | D:5      | Entered Level 5 of the Dungeon
  6133 | D:5      | Found a bloodstained altar of Trog.
  6148 | D:5      | Learned a level 2 spell: Blink
  6152 | D:5      | Learned a level 3 spell: Mephitic Cloud
  6284 | D:5      | Learned a level 3 spell: Conjure Flame
  6389 | D:5      | Found a staircase to the Ecumenical Temple.
  6438 | Temple   | Entered the Ecumenical Temple
  6734 | D:5      | Found an opulent altar of Gozag.
  6760 | D:5      | Noticed a sky beast
  6936 | D:6      | Reached skill level 1 in Conjurations
  7021 | D:6      | Reached XP level 7. HP: 18/62 MP: 4/12
  7255 | D:6      | Found a glowing silver altar of Zin.
  7543 | D:5      | Found a stormy altar of Qazlal.
  8091 | D:7      | Reached skill level 5 in Spellcasting
  8367 | D:7      | Found a burning altar of Makhleb.
  8387 | D:7      | Became a worshipper of Makhleb the Destroyer
  8393 | D:7      | Learned a level 4 spell: Olgreb's Toxic Radiance
  8997 | D:7      | Reached XP level 8. HP: 39/69 MP: 2/15
  9179 | D:7      | Reached skill level 5 in Poison Magic
  9231 | D:7      | Gained mutation: Your mind is acute. (Int +2) [mutagenic meat]
  9232 | D:7      | Gained mutation: Scrolls take you a little longer to read. [mutagenic meat]
  9233 | D:7      | Gained mutation: You evolve. [mutagenic meat]
  9235 | D:7      | Lost mutation: Scrolls take you a little longer to read. [mutagenic meat]
  9236 | D:7      | Gained mutation: Your body sometimes deteriorates upon taking damage. [mutagenic meat]
  9302 | D:7      | Found Soungu's Assorted Antiques.
  9310 | D:7      | Bought 2 viscous grey potions for 52 gold pieces
  9310 | D:7      | Bought a glowing hand crossbow for 188 gold pieces
  9649 | D:8      | Found a shimmering altar of Xom.
  9649 | D:8      | Found a shimmering altar of Xom.
  9649 | D:8      | Found a shimmering altar of Xom.
  9650 | D:8      | Found a shimmering altar of Xom.
  9650 | D:8      | Found a shimmering altar of Xom.
  9651 | D:8      | Found a shimmering altar of Xom.
  9651 | D:8      | Found a shimmering altar of Xom.
  9652 | D:8      | Found a shimmering altar of Xom.
  9653 | D:8      | Found a shimmering altar of Xom.
  9829 | D:8      | Reached skill level 5 in Crossbows
 10037 | D:8      | Noticed an orb spider
 10039 | D:8      | Noticed a wind drake
 10136 | D:8      | Noticed Gastronok
 10290 | D:8      | Noticed a spiny frog
 10291 | D:8      | Noticed a black mamba
 10585 | D:8      | Gained mutation: You passively map the area around you. [Deep Dwarf growth]
 10585 | D:8      | Reached XP level 9. HP: 38/75 MP: 12/16
 10618 | D:8      | Noticed Pikel
 10632 | D:8      | Killed Pikel
 10632 | D:8      | Reached skill level 5 in Evocations
 10757 | D:9      | Reached * piety under Makhleb
 10866 | D:9      | Noticed Grum
 10915 | D:9      | Killed Grum
 10946 | D:9      | Noticed a two-headed ogre
 11064 | D:9      | Gained mutation: You have large cloven feet. [mutagenic meat]
 11065 | D:9      | Lost mutation: Your mind is acute. (Int +2) [mutagenic meat]
 11066 | D:9      | Lost mutation: You evolve. [mutagenic meat]
 11067 | D:9      | Gained mutation: Your mind is acute. (Int +2) [mutagenic meat]
 11068 | D:9      | Gained mutation: You are weak. (Str -2) [mutagenic meat]
 11356 | D:9      | Reached skill level 10 in Crossbows
 11502 | D:9      | Reached XP level 10. HP: 55/84 MP: 17/17
 11694 | D:9      | Killed a two-headed ogre
 11759 | D:9      | Reached skill level 5 in Fighting
 11944 | D:10     | Entered Level 10 of the Dungeon
 12157 | D:10     | Found a staircase to the Lair.
 12613 | D:10     | Reached ** piety under Makhleb
 13238 | D:10     | Found Icoga's Armour Emporium.
 13266 | D:10     | Identified the +4 scale mail "Coucel" {Stlth+} (You found it on level 4 of the Dungeon)
 13557 | D:10     | Noticed a two-headed ogre
 13584 | D:10     | Killed a two-headed ogre
 13584 | D:10     | Reached XP level 11. HP: 98/104 MP: 5/18
 13639 | D:11     | Noticed a four-headed hydra
 13671 | D:11     | Reached skill level 5 in Dodging
 13805 | D:11     | Reached skill level 1 in Axes
 13994 | D:11     | Noticed a two-headed ogre
 14008 | D:11     | Killed a two-headed ogre
 14013 | D:11     | Noticed a two-headed ogre
 14071 | D:11     | Killed a two-headed ogre
 14071 | D:11     | Reached skill level 5 in Axes
 14449 | D:11     | Got a jewelled ring mail
 14596 | D:11     | Noticed a six-headed hydra
 14644 | D:10     | Reached *** piety under Makhleb
 14647 | D:10     | Gained mutation: Your body often deteriorates upon taking damage. [mutagenic meat]
 14649 | D:10     | Gained mutation: Your mind is very acute. (Int +4) [mutagenic meat]
 14650 | D:10     | Gained mutation: You expend magic power (3 MP) to strengthen your wands. [mutagenic meat]
 15243 | D:6      | Gained mutation: You are partially covered in slimy green scales. (AC +2) [mutagenic meat]
 15244 | D:6      | Lost mutation: Your mind is very acute. (Int +4) [mutagenic meat]
 15247 | D:6      | Gained mutation: You occasionally shout uncontrollably at your foes. [mutagenic meat]
 15358 | D:7      | Gained mutation: You are very weak. (Str -4) [mutagenic meat]
 15360 | D:7      | Lost mutation: You expend magic power (3 MP) to strengthen your wands. [mutagenic meat]
 15361 | D:7      | Gained mutation: You are resistant to hostile enchantments. (MR+) [mutagenic meat]
 15362 | D:7      | Gained mutation: Your magical capacity is low. (-10% MP) [mutagenic meat]
 15803 | D:11     | Identified the cursed +1 ring mail of the Hundredfold Dreams {*Corrode rPois Int+6 Dex+4} (You found it on level 11 of the Dungeon)
 15890 | D:11     | Found a staircase to the Orcish Mines.
 15939 | D:11     | Killed a four-headed hydra
 16059 | D:11     | Found a roughly hewn altar of Beogh.
 16220 | D:11     | Found Dohukiv's Armour Shop.
 16282 | D:11     | Killed an unseen horror
 16282 | D:11     | Reached skill level 10 in Axes
 16459 | D:11     | Reached XP level 12. HP: 65/112 MP: 17/17
 16502 | D:11     | Reached **** piety under Makhleb
 16691 | D:12     | Reached skill level 1 in Invocations
 17186 | D:12     | Lost mutation: You occasionally shout uncontrollably at your foes. [potion of mutation]
 17186 | D:12     | Lost mutation: You are covered in fur. (AC +1) [potion of mutation]
 17186 | D:12     | Lost mutation: Your magical capacity is low. (-10% MP) [potion of mutation]
 17186 | D:12     | Lost mutation: Your body often deteriorates upon taking damage. [potion of mutation]
 17186 | D:12     | Lost mutation: Your mind is acute. (Int +2) [potion of mutation]
 17186 | D:12     | Lost mutation: You are very weak. (Str -4) [potion of mutation]
 17186 | D:12     | Gained mutation: You are very weak. (Str -4) [potion of mutation]
 17186 | D:12     | Gained mutation: Your mind is acute. (Int +2) [potion of mutation]
 17186 | D:12     | Gained mutation: You occasionally shout uncontrollably at your foes. [potion of mutation]
 17186 | D:12     | Gained mutation: You are agile. (Dex +2) [potion of mutation]
 17214 | D:12     | Noticed Nergalle
 17226 | D:12     | Killed Nergalle
 17338 | D:12     | Reached skill level 1 in Armour
 17411 | D:12     | Noticed a four-headed hydra
 17419 | D:12     | Killed a four-headed hydra
 17547 | D:13     | Reached skill level 5 in Armour
 17583 | D:13     | Noticed a tengu warrior
 17924 | D:13     | Gained mutation: You are very agile. (Dex +4) [mutagenic meat]
 17943 | D:13     | Noticed a centaur warrior
 17962 | D:13     | Killed a centaur warrior
 18397 | D:13     | Found Bioz's Antique Armour Emporium.
 18940 | D:13     | Reached ***** piety under Makhleb
 19328 | D:13     | Killed a tengu warrior
 19450 | D:13     | Reached XP level 13. HP: 92/118 MP: 7/20
 19673 | D:13     | Found a gate to the Vaults.
 20691 | D:14     | Reached skill level 15 in Axes
 20967 | D:14     | Got a shimmering leather armour
 20978 | D:14     | Identified the cursed +1 leather armour "Vol Zuempi" {MR+ rCorr} (You found it on level 14 of the Dungeon)
 21206 | D:15     | Entered Level 15 of the Dungeon
 21952 | D:15     | Gained mutation: You resist negative energy. (rN+) [Deep Dwarf growth]
 21952 | D:15     | Reached XP level 14. HP: 84/127 MP: 21/21
 22267 | D:15     | Found a staircase to the Depths.
 22820 | Depths:1 | Entered Level 1 of the Depths
 22820 | Depths:1 | Noticed a lich
 22860 | Depths:1 | Killed a lich
 22860 | Depths:1 | Reached skill level 10 in Evocations
 23085 | Depths:1 | Reached ****** piety under Makhleb
 23325 | Depths:1 | Noticed a frost giant
 23376 | Depths:1 | Killed a frost giant
 24645 | D:3      | Killed Crazy Yiuf
 26590 | Depths:1 | Reached XP level 15. HP: 105/134 MP: 5/22
 27385 | Depths:1 | Found a one-way gate leading to the halls of Pandemonium.
 27526 | Depths:1 | Reached skill level 10 in Fighting
 27550 | Depths:1 | Lost mutation: You are very weak. (Str -4) [mutagenic meat]
 27552 | Depths:1 | Gained mutation: Your spells are a little harder to cast, but a little more powerful. [mutagenic meat]
 27554 | Depths:1 | Gained mutation: You are mostly covered in slimy green scales. (AC +3) [mutagenic meat]
 27555 | Depths:1 | Lost mutation: Your spells are a little harder to cast, but a little more powerful. [mutagenic meat]
 27556 | Depths:1 | Lost mutation: You are very agile. (Dex +4) [mutagenic meat]
 27557 | Depths:1 | Gained mutation: You are somewhat resistant to further mutation. [mutagenic meat]
 28143 | Depths:1 | Found a one-way gate to the infinite horrors of the Abyss.
 28203 | Depths:1 | Voluntarily entered the Abyss.
 28260 | Abyss:1  | Noticed a tentacled starspawn
 28272 | Abyss:1  | Killed a tentacled starspawn
 28370 | Abyss:1  | Noticed a tentacled starspawn
 28378 | Abyss:1  | Killed a tentacled starspawn
 28431 | Depths:1 | Escaped the Abyss
 28438 | Depths:1 | Voluntarily entered the Abyss.
 28448 | Abyss:1  | Noticed a bone dragon
 28593 | Abyss:1  | Found a corrupted altar of Lugonu.
 28850 | Abyss:1  | Noticed a lich
 28976 | Abyss:1  | Killed a lich
 28976 | Abyss:1  | Reached XP level 16. HP: 148/148 MP: 19/19
 29020 | Depths:1 | Escaped the Abyss
 29042 | Depths:1 | Voluntarily entered the Abyss.
 29487 | Depths:1 | Escaped the Abyss
 29498 | Depths:1 | Voluntarily entered the Abyss.
 29498 | Abyss:1  | Found a corrupted altar of Lugonu.
 29656 | Depths:1 | Escaped the Abyss
 29678 | Depths:1 | Voluntarily entered the Abyss.
 29710 | Abyss:1  | Reached skill level 10 in Dodging
 29717 | Abyss:1  | Got an amber-encrusted leather armour
 29953 | Abyss:1  | Noticed a bone dragon
 29975 | Abyss:1  | Noticed a bone dragon
 29983 | Abyss:1  | Reached skill level 1 in Translocations
 30054 | Abyss:2  | Found a corrupted altar of Lugonu.
 30299 | Abyss:2  | Noticed a tentacled starspawn
 30315 | Abyss:2  | Killed a tentacled starspawn
 30315 | Abyss:2  | Reached skill level 5 in Translocations
 30317 | Depths:1 | Escaped the Abyss
 30336 | Depths:1 | Identified the +4 leather armour of Uvel {Str+5 Stlth+} (You found it on level 1 of the Abyss)
 30351 | Depths:1 | Voluntarily entered the Abyss.
 30392 | Abyss:1  | Noticed a tentacled starspawn
 30410 | Abyss:1  | Killed a tentacled starspawn
 30457 | Depths:1 | Escaped the Abyss
 30459 | Depths:1 | Voluntarily entered the Abyss.
 30459 | Abyss:1  | Found a transporter.
 30459 | Abyss:1  | Found a corrupted altar of Lugonu.
 30463 | Abyss:1  | Noticed a tentacled starspawn
 30478 | Abyss:1  | Killed a tentacled starspawn
 30495 | Abyss:1  | Identified Todale's Handbook of Excruciating Enchantment
 30506 | Abyss:1  | Found a transporter.
 30527 | Abyss:1  | Got a ruby-encrusted leather armour
 30545 | Abyss:1  | Noticed a bone dragon
 30551 | Abyss:1  | Found a transporter.
 30585 | Abyss:1  | Noticed a profane servitor
 30616 | Abyss:1  | Noticed a tentacled starspawn
 30663 | Depths:1 | Escaped the Abyss
 30700 | Depths:1 | Identified the +1 leather armour of Qumij {rCorr Int+3} (You found it on level 1 of the Abyss)
 30715 | Depths:1 | Voluntarily entered the Abyss.
 30775 | Abyss:1  | Noticed a tentacled monstrosity
 30782 | Abyss:1  | Noticed a tentacled starspawn
 30792 | Abyss:1  | Killed a tentacled starspawn
 31060 | Depths:1 | Escaped the Abyss
 31172 | Depths:1 | Voluntarily entered the Abyss.
 31455 | Abyss:1  | Reached XP level 17. HP: 156/156 MP: 18/18
 31830 | Depths:1 | Escaped the Abyss
 31832 | Depths:1 | Voluntarily entered the Abyss.
 32040 | Depths:1 | Escaped the Abyss
 32042 | Depths:1 | Voluntarily entered the Abyss.
 32183 | Abyss:1  | Noticed a bone dragon
 32472 | Depths:1 | Escaped the Abyss
 32717 | D:11     | Bought +1 gold dragon scales for 1392 gold pieces
 32947 | Depths:1 | Voluntarily entered the Abyss.
 32950 | Abyss:1  | Found a corrupted altar of Lugonu.
 33150 | Abyss:1  | Noticed a tentacled monstrosity
 33169 | Abyss:1  | Killed a tentacled monstrosity
 33169 | Abyss:1  | Reached skill level 15 in Dodging
 33189 | Depths:1 | Escaped the Abyss
 33290 | Depths:1 | Voluntarily entered the Abyss.
 33639 | Abyss:1  | Reached skill level 10 in Armour
 33641 | Depths:1 | Escaped the Abyss
 33643 | Depths:1 | Voluntarily entered the Abyss.
 33912 | Abyss:1  | Gained mutation: You passively map a large area around you. [Deep Dwarf growth]
 33912 | Abyss:1  | Reached XP level 18. HP: 129/163 MP: 19/19
 33962 | Abyss:1  | Noticed a bone dragon
 34081 | Abyss:1  | Gained mutation: Your magical capacity is low. (-10% MP) [a neqoxec]
 34224 | Abyss:1  | Killed a bone dragon
 34232 | Depths:1 | Escaped the Abyss
 34240 | Depths:1 | Voluntarily entered the Abyss.
 34305 | Abyss:1  | Found a corrupted altar of Lugonu.
 34648 | Depths:1 | Escaped the Abyss
 34658 | Depths:1 | Voluntarily entered the Abyss.
 34688 | Abyss:1  | Found a corrupted altar of Lugonu.
 34961 | Abyss:1  | Noticed a bone dragon
 34981 | Abyss:1  | Killed a bone dragon
 35013 | Abyss:1  | Found a corrupted altar of Lugonu.
 35036 | Depths:1 | Escaped the Abyss
 35038 | Depths:1 | Voluntarily entered the Abyss.
 35060 | Depths:1 | Escaped the Abyss
 35064 | Depths:1 | Voluntarily entered the Abyss.
 35259 | Abyss:1  | Found a corrupted altar of Lugonu.
 35346 | Abyss:1  | Noticed a bone dragon
 35388 | Abyss:1  | Killed a bone dragon
 35658 | Abyss:1  | Found a corrupted altar of Lugonu.
 35719 | Abyss:1  | Noticed a lich
 35734 | Abyss:1  | Killed a lich
 35736 | Depths:1 | Escaped the Abyss
 35740 | Depths:1 | Voluntarily entered the Abyss.
 35878 | Abyss:1  | Reached skill level 15 in Armour
 36076 | Depths:1 | Escaped the Abyss
 36078 | Depths:1 | Voluntarily entered the Abyss.
 36168 | Abyss:1  | Paralysed by accursed screaming for 1 turns
 36321 | Abyss:1  | Noticed a bone dragon
 36357 | Abyss:1  | Killed a bone dragon
 36442 | Abyss:1  | Found a corrupted altar of Lugonu.
 36533 | Depths:1 | Escaped the Abyss
 36539 | Depths:1 | Voluntarily entered the Abyss.
 36603 | Abyss:1  | Paralysed by accursed screaming for 1 turns
 36605 | Abyss:1  | Noticed a bone dragon
 36606 | Abyss:1  | Paralysed by accursed screaming for 1 turns
 36624 | Abyss:1  | Noticed a bone dragon
 36647 | Abyss:1  | Killed a bone dragon
 36683 | Abyss:1  | Killed a bone dragon
 36683 | Abyss:1  | Reached XP level 19. HP: 151/170 MP: 20/20
 36835 | Abyss:1  | Learned a level 2 spell: Swiftness
 36857 | Abyss:1  | Noticed a bone dragon
 36889 | Abyss:1  | Killed a bone dragon
 36894 | Depths:1 | Escaped the Abyss
 36897 | Depths:1 | Voluntarily entered the Abyss.
 36952 | Abyss:1  | Noticed an ancient lich
 37127 | Depths:1 | Escaped the Abyss
 37129 | Depths:1 | Voluntarily entered the Abyss.
 37135 | Abyss:1  | Identified the Reference Book on Air
 37213 | Abyss:1  | Found a deep blue altar of Sif Muna.
 37230 | Abyss:1  | Lost mutation: You are agile. (Dex +2) [a cacodemon]
 37266 | Abyss:1  | Identified Wagulyew's Guide on Transformation
 37269 | Abyss:1  | Identified the Almanac of Transformation
 37275 | Abyss:1  | Identified the Disquisition on Cold
 37277 | Abyss:1  | Identified the Guide on Feathers
 37286 | Abyss:1  | Identified the Almanac of Hexes
 37295 | Abyss:1  | Identified the Incunabulum of Execration
 37303 | Abyss:1  | Identified Bef Cila's Handbook of the Snowflakes
 37307 | Abyss:1  | Found a deep blue altar of Sif Muna.
 37318 | Abyss:1  | Identified Engep's Volume of Conjuration
 37456 | Depths:1 | Escaped the Abyss
 37484 | Depths:1 | Voluntarily entered the Abyss.
 37522 | Abyss:1  | Found a corrupted altar of Lugonu.
 37627 | Abyss:1  | Noticed a profane servitor
 37665 | Abyss:1  | Killed a profane servitor
 37889 | Depths:1 | Escaped the Abyss
 37892 | Depths:1 | Voluntarily entered the Abyss.
 37995 | Abyss:1  | Noticed a lich
 38231 | Abyss:1  | Noticed a bone dragon
 38258 | Abyss:1  | Killed a bone dragon
 38294 | Depths:1 | Escaped the Abyss
 38296 | Depths:1 | Voluntarily entered the Abyss.
 38664 | Depths:1 | Escaped the Abyss
 38670 | Depths:1 | Identified a scroll of acquirement
 38735 | Depths:1 | Voluntarily entered the Abyss.
 39125 | Depths:1 | Escaped the Abyss
 39139 | Depths:1 | Reached XP level 20. HP: 178/178 MP: 19/19
 39141 | Depths:1 | Voluntarily entered the Abyss.
 39145 | Abyss:1  | Found a corrupted altar of Lugonu.
 39238 | Depths:1 | Escaped the Abyss
 39243 | Depths:1 | Voluntarily entered the Abyss.
 39653 | Depths:1 | Escaped the Abyss
 39655 | Depths:1 | Voluntarily entered the Abyss.
 40221 | Abyss:1  | Gained mutation: You are clumsy. (Dex -2) [a neqoxec]
 40273 | Abyss:1  | Paralysed by accursed screaming for 1 turns
 40400 | Abyss:1  | Noticed a bone dragon
 40411 | Abyss:1  | Killed a bone dragon
 40642 | Depths:1 | Escaped the Abyss
 40818 | Depths:1 | Found a gateway to a ziggurat.
 40996 | Depths:1 | Found a gateway to Hell.
 41070 | Depths:1 | Noticed a juggernaut
 41093 | Depths:1 | Killed a juggernaut
 41872 | Depths:3 | Gained mutation: Your mind is very acute. (Int +4) [mutagenic meat]
 41912 | Depths:3 | Gained mutation: You tend to lose your temper in combat. [mutagenic meat]
 42229 | Depths:3 | Gained mutation: You have hoof-like feet. [mutagenic meat]
 42233 | Depths:3 | Reached XP level 21. HP: 194/194 MP: 20/20
 42695 | Depths:3 | Lost mutation: Your mind is very acute. (Int +4) [mutagenic meat]
 42703 | Depths:3 | Gained mutation: You have a pair of small antennae on your head. [mutagenic meat]
 43721 | Depths:1 | Reached skill level 15 in Fighting
 44058 | Depths:4 | Noticed a golden dragon
 44071 | Depths:4 | Killed a golden dragon
 44081 | Depths:4 | Noticed an ancient lich
 44120 | Depths:4 | Killed from afar by an ancient lich

Skill      XL: |  1  2  3  4  5  6  7  8  9 10 11 12 13 14 15 16 17 18 19 20 21 |
---------------+----------------------------------------------------------------+-----
Poison Magic   | 3 4 5 |  5.4
Spellcasting   | 2 4 5 7 8 |  8.6
Throwing       | 1 |  1.8
Fighting       | 2 3 8 10 13 15 | 15.7
Conjurations   | 1 |  1.0
Crossbows      | 6 10 | 10.3
Evocations     | 2 5 10 | 10.4
Dodging        | 4 5 6 11 15 | 15.0
Axes           | 10 12 16 18 20 | 20.0
Invocations    | 4 |  4.6
Armour         | 7 10 15 18 20 | 20.6
Translocations | 9 |  9.5
Stealth        | |  2.4

Action                   |  1- 3 |  4- 6 |  7- 9 | 10-12 | 13-15 | 16-18 | 19-21 || total
-------------------------+-------+-------+-------+-------+-------+-------+-------++-------
Melee: Dagger            |    28 |    42 |    47 |     5 |       |       |       ||   122
       Battleaxe         |       |       |       |   340 |   862 |  1972 |  2094 ||  5268
 Fire: Blowgun           |       |    58 |       |       |       |       |       ||    58
       Hand crossbow     |       |       |   102 |   233 |   167 |    11 |     2 ||   515
Throw: Tomahawk          |       |    10 |     5 |     2 |       |       |       ||    17
       Javelin           |       |     4 |     2 |     3 |    13 |     1 |     2 ||    25
       Throwing net      |       |       |       |       |     1 |       |       ||     1
 Cast: Sting             |    68 |    13 |     1 |       |       |       |       ||    82
       Poisonous Vapours |    12 |    97 |    75 |   131 |    10 |       |       ||   325
       Mephitic Cloud    |       |       |    10 |    22 |    13 |     1 |       ||    46
       Olgreb's Toxic Ra |       |       |     1 |    32 |    38 |       |       ||    71
       Conjure Flame     |       |       |       |     7 |    15 |     2 |       ||    24
       Blink             |       |       |       |     2 |    20 |    50 |     7 ||    79
Invok: Lesser Servant of |       |       |       |       |    14 |    15 |     4 ||    33
 Abil: Heal Wounds       |       |     2 |     3 |     1 |    15 |     5 |     7 ||    33
Evoke: Wand              |       |       |     2 |     3 |    48 |     1 |     6 ||    60
       Lightning rod     |       |       |       |       |    13 |       |       ||    13
       Fan of gales      |       |       |       |       |       |     1 |       ||     1
  Use: Scroll            |     4 |     7 |     5 |     6 |    20 |    15 |    13 ||    70
       Potion            |     1 |       |       |     1 |    11 |     8 |     6 ||    27
 Stab: Sleeping          |     1 |       |     2 |     4 |     5 |       |       ||    12
       Confused          |       |       |       |     5 |     7 |       |       ||    12
       Distracted        |       |       |       |     1 |     3 |     9 |     3 ||    16
       Paralysed         |       |       |       |       |    23 |       |     3 ||    26
       Invisible         |       |       |       |       |    16 |     3 |       ||    19
       Petrified         |       |       |       |       |       |       |     4 ||     4
       Petrifying        |       |       |       |       |       |       |     1 ||     1
  Eat: Chunk             |     5 |    16 |    25 |    43 |    34 |     7 |    63 ||   193
       Bread ration      |       |     1 |       |       |       |       |     1 ||     2
       Fruit             |       |     1 |       |     2 |     1 |       |     1 ||     5
       Royal jelly       |       |       |     1 |       |     1 |     2 |     1 ||     5
       Meat ration       |       |       |       |     1 |     2 |     4 |       ||     7
Armor: Robe              |    13 |    28 |    29 |    41 |       |       |       ||   111
       Ring mail         |       |       |       |   177 |   313 |   231 |       ||   721
       Gold dragon scale |       |       |       |       |       |   774 |  1777 ||  2551
       Skin              |       |       |       |       |       |    24 |       ||    24
Dodge: Dodged            |    32 |    62 |    56 |   245 |   439 |   766 |   628 ||  2228
